3AAA
SIOUX FALLS RED PANDAS @ SALT LAKE CITY BUZZ
06/22/2026
 
TOP OF THE 1ST
Sioux Falls Red Pandas batting - Pitching for Salt Lake City Buzz : RHP Ben Hopley
Pitching: RHP Ben Hopley
Batting: LHB Joaquín Rangel 0-0: Called Strike
0-1: Ball
1-1: Ball
2-1: Foul Ball, location: 2F
2-2: Foul Ball, location: 2F
2-2: Strikes out swinging
Batting: RHB Takanibu Yokoyama 0-0: Ball
1-0: SINGLE (Groundball, 34D)
Batting: RHB Carlos Ortega 0-0: Ball
1-0: Swinging Strike
1-1: Ball
2-1: Ball
3-1: Foul Ball, location: 2F
3-2: Foul Ball, location: 2F
3-2: Foul Ball, location: 2F
3-2: Foul Ball, location: 2F
3-2: Base on Balls
Takanibu Yokoyama to second
Batting: LHB Juan Rodríguez 0-0: Ground out 5-3 (Groundball, 25)
Takanibu Yokoyama to third
Carlos Ortega to second
Batting: LHB Magali Lenidas 0-0: Ball
1-0: Ball
2-0: Ball
3-0: Base on Balls
Batting: RHB Pedro Cruz 0-0: Fly out, F7 (Flyball, 7S)
Top of the 1st over - 0 run(s), 1 hit(s), 0 error(s), 3 left on base; Sioux Falls 0 - Salt Lake City 0
BOTTOM OF THE 1ST
Salt Lake City Buzz batting - Pitching for Sioux Falls Red Pandas : RHP Steve Bryan
Pitching: RHP Steve Bryan
Batting: LHB Roberto Soto 0-0: Called Strike
0-1: Fly out, F6 (Line Drive, 6M)
Batting: RHB Daryl Moran 0-0: Called Strike
0-1: Swinging Strike
0-2: Foul Ball, location: 2F
0-2: Ball
1-2: Ball
2-2: Ball
3-2: Foul Ball, location: 2F
3-2: Ground out 1-3 (Groundball, 13S)
Batting: RHB Jung-hwan Kwon 0-0: Ball
1-0: Ball
2-0: Called Strike
2-1: Ball
3-1: Foul Ball, location: 2F
3-2: Base on Balls
Batting: SHB Wayne Saunders 0-0: Ball
Jung-hwan Kwon steals 2nd base
1-0: Called Strike
1-1: Ground out 6-3 (Groundball, 6M)
Bottom of the 1st over - 0 run(s), 0 hit(s), 0 error(s), 1 left on base; Sioux Falls 0 - Salt Lake City 0
TOP OF THE 2ND
Sioux Falls Red Pandas batting - Pitching for Salt Lake City Buzz : RHP Ben Hopley
Batting: LHB Rubén Ruíz 0-0: Called Strike
0-1: Ball
1-1: Ball
2-1: Ball
3-1: Foul Ball, location: 2F
3-2: Base on Balls
Batting: RHB Jim Allen 0-0: Called Strike
0-1: Foul Ball, location: 2F
0-2: Strikes out swinging
Batting: SHB Mauro López 0-0: Foul Ball, location: 2F
0-1: Ball
Wild Pitch!
Rubén Ruíz to second
1-1: Called Strike
1-2: Ball
2-2: Strikes out looking
Batting: LHB Joaquín Rangel 0-0: Ball
1-0: Ground out 1-3 (Groundball, P)
Top of the 2nd over - 0 run(s), 0 hit(s), 0 error(s), 1 left on base; Sioux Falls 0 - Salt Lake City 0
BOTTOM OF THE 2ND
Salt Lake City Buzz batting - Pitching for Sioux Falls Red Pandas : RHP Steve Bryan
Batting: RHB Vicente Cruz 0-0: Ball
1-0: Fly out, F9 (Flyball, 9)
Batting: SHB Carlton Reed 0-0: Called Strike
0-1: Called Strike
0-2: Fly out, F8 (Flyball, 8RM)
Batting: RHB Alan Rosales 0-0: Foul Ball, location: 2F
0-1: Swinging Strike
0-2: Ball
1-2: SINGLE (Flyball, 8LS)
Pitching: RHP Carlos Guzmán
Batting: RHB Adrian Rodgers 0-0: Ball
1-0: Swinging Strike
1-1: Foul Ball, location: 2F
1-2: SINGLE (Line Drive, 56)
Alan Rosales to second
Batting: RHB Carlos López 0-0: Swinging Strike
0-1: Ball
1-1: Ball
2-1: Ball
3-1: Base on Balls
Alan Rosales to third
Adrian Rodgers to second
Batting: LHB Roberto Soto 0-0: Called Strike
0-1: Ball
1-1: Ball
2-1: DOUBLE (Flyball, 78D)
Alan Rosales scores
Adrian Rodgers scores
Carlos López to third
Runner from 3rd tries for Home, SAFE, no throw
Batting: RHB Daryl Moran 0-0: Ball
1-0: Foul Ball, location: 2F
1-1: Foul Ball, location: 2F
1-2: Ball
2-2: Foul Ball, location: 2F
2-2: SINGLE (Line Drive, 6MD)
Roberto Soto to third
Runner from 3rd tries for Home, SAFE, no throw
Batting: RHB Jung-hwan Kwon 0-0: Fly out, F6 (Line Drive, 6)
Bottom of the 2nd over - 4 run(s), 4 hit(s), 0 error(s), 1 left on base; Sioux Falls 0 - Salt Lake City 4
TOP OF THE 3RD
Sioux Falls Red Pandas batting - Pitching for Salt Lake City Buzz : RHP Ben Hopley
Batting: RHB Takanibu Yokoyama 0-0: Ball
1-0: Called Strike
1-1: Called Strike
1-2: Strikes out looking
Batting: RHB Carlos Ortega 0-0: Ball
1-0: Called Strike
1-1: Called Strike
1-2: Foul Ball, location: 2F
1-2: Ball
2-2: Strikes out swinging
Batting: LHB Juan Rodríguez 0-0: Ball
1-0: Ball
2-0: Ball
3-0: Swinging Strike
3-1: Swinging Strike
3-2: Base on Balls
Batting: LHB Magali Lenidas 0-0: Ground out U3 (Groundball, 3L)
Top of the 3rd over - 0 run(s), 0 hit(s), 0 error(s), 1 left on base; Sioux Falls 0 - Salt Lake City 4
BOTTOM OF THE 3RD
Salt Lake City Buzz batting - Pitching for Sioux Falls Red Pandas : RHP Carlos Guzmán
Batting: SHB Wayne Saunders 0-0: Called Strike
0-1: Fly out, F8 (Flyball, 8LD)
Batting: RHB Vicente Cruz 0-0: Ball
1-0: Foul Ball, location: 2F
1-1: Ball
2-1: Ball
3-1: TRIPLE (Flyball, 8RD)
Batting: SHB Carlton Reed 0-0: Ground out 5-3 (Groundball, 56S)
Vicente Cruz scores
Batting: RHB Alan Rosales 0-0: Foul Ball, location: 2F
0-1: Ball
1-1: Foul Ball, location: 2F
1-2: Fly out, F8 (Flyball, 8LXD)
Bottom of the 3rd over - 1 run(s), 1 hit(s), 0 error(s), 0 left on base; Sioux Falls 0 - Salt Lake City 5
TOP OF THE 4TH
Sioux Falls Red Pandas batting - Pitching for Salt Lake City Buzz : RHP Ben Hopley
Batting: RHB Pedro Cruz 0-0: Called Strike
0-1: Ball
1-1: Fly out, F4 (Popup, 4)
Batting: LHB Rubén Ruíz 0-0: Ball
1-0: Fly out, F9 (Flyball, 89XD)
Batting: RHB Jim Allen 0-0: Swinging Strike
0-1: SINGLE (Line Drive, 89S)
Batting: SHB Mauro López 0-0: Called Strike
0-1: Foul Ball, location: 2F
0-2: Strikes out swinging
Top of the 4th over - 0 run(s), 1 hit(s), 0 error(s), 1 left on base; Sioux Falls 0 - Salt Lake City 5
BOTTOM OF THE 4TH
Salt Lake City Buzz batting - Pitching for Sioux Falls Red Pandas : RHP Carlos Guzmán
Pitching: LHP Vincent Bannon
Batting: RHB Adrian Rodgers 0-0: Ball
1-0: Ball
2-0: Called Strike
2-1: Foul Ball, location: 2F
2-2: Foul Ball, location: 2F
2-2: Strikes out swinging
Batting: RHB Carlos López 0-0: Called Strike
0-1: Ball
1-1: Ball
2-1: Ball
3-1: Called Strike
3-2: Base on Balls
Batting: LHB Roberto Soto 0-0: Ball
1-0: Called Strike
1-1: Foul Ball, location: 2F
1-2: Foul Ball, location: 2F
1-2: 2-RUN HOME RUN (Flyball, 7LD), Distance : 358 ft
Batting: RHB Daryl Moran 0-0: Called Strike
0-1: Ball
1-1: Foul Ball, location: 2F
1-2: Foul Ball, location: 2F
1-2: Foul Ball, location: 2F
1-2: Foul Ball, location: 2F
1-2: Ball
2-2: SINGLE (Line Drive, 9LS)
Batting: RHB Jung-hwan Kwon 0-0: Ball
1-0: Called Strike
1-1: Called Strike
1-2: Ball
2-2: SINGLE (Line Drive, 78S)
Daryl Moran to second
Pitching: RHP Orlando Ángel
Batting: SHB Wayne Saunders 0-0: Swinging Strike
0-1: Ball
1-1: Grounds into double play, 6-4-3 (Groundball, 6)
Bottom of the 4th over - 2 run(s), 3 hit(s), 0 error(s), 1 left on base; Sioux Falls 0 - Salt Lake City 7
TOP OF THE 5TH
Sioux Falls Red Pandas batting - Pitching for Salt Lake City Buzz : RHP Ben Hopley
Batting: LHB Joaquín Rangel 0-0: Called Strike
0-1: Swinging Strike
0-2: Ball
1-2: Ball
2-2: Foul Ball, location: 2F
2-2: Foul Ball, location: 2F
2-2: Ball
3-2: Base on Balls
Batting: RHB Takanibu Yokoyama 0-0: Foul Ball, location: 2F
0-1: Called Strike
0-2: Ball
1-2: Ball
2-2: Ball
3-2: Fly out, F8 (Flyball, 8RS)
Batting: RHB Carlos Ortega 0-0: Called Strike
0-1: Swinging Strike
0-2: Ball
1-2: Ball
Joaquín Rangel steals 2nd base
2-2: Ball
3-2: Base on Balls
Batting: LHB Juan Rodríguez 0-0: Ball
1-0: Called Strike
Joaquín Rangel is caught stealing 3rd base
Carlos Ortega to second
1-1: Ground out 4-3 (Groundball, 4S)
Top of the 5th over - 0 run(s), 0 hit(s), 0 error(s), 1 left on base; Sioux Falls 0 - Salt Lake City 7
BOTTOM OF THE 5TH
Salt Lake City Buzz batting - Pitching for Sioux Falls Red Pandas : RHP Orlando Ángel
Batting: RHB Vicente Cruz 0-0: Ball
1-0: Fly out, F7 (Line Drive, 7S)
Batting: SHB Carlton Reed 0-0: Ball
1-0: Foul Ball, location: 2F
1-1: Swinging Strike
1-2: Ball
2-2: Strikes out looking
Batting: RHB Alan Rosales 0-0: Ball
1-0: Ground out 4-3 (Groundball, 4)
Bottom of the 5th over - 0 run(s), 0 hit(s), 0 error(s), 0 left on base; Sioux Falls 0 - Salt Lake City 7
TOP OF THE 6TH
Sioux Falls Red Pandas batting - Pitching for Salt Lake City Buzz : RHP Ben Hopley
Batting: LHB Magali Lenidas 0-0: Ball
1-0: Ball
2-0: Ball
3-0: Called Strike
3-1: Base on Balls
Pitching: RHP Caleb Sobieski
Batting: RHB Pedro Cruz 0-0: Ground out 4-3 (Groundball, 4S)
Magali Lenidas to second
Batting: LHB Rubén Ruíz 0-0: Swinging Strike
0-1: Foul Ball, location: 2F
0-2: Ball
1-2: Strikes out swinging
Batting: RHB Jim Allen 0-0: Ball
1-0: Ball
2-0: SINGLE (Flyball, 89S)
Magali Lenidas to third
Runner from 3rd tries for Home, SAFE, no throw
Batting: SHB Mauro López 0-0: Ball
1-0: Called Strike
1-1: Called Strike
1-2: Foul Ball, location: 2F
1-2: Ground out 6-3 (Groundball, 6S)
Top of the 6th over - 1 run(s), 1 hit(s), 0 error(s), 1 left on base; Sioux Falls 1 - Salt Lake City 7
BOTTOM OF THE 6TH
Salt Lake City Buzz batting - Pitching for Sioux Falls Red Pandas : RHP Orlando Ángel
Batting: RHB Adrian Rodgers 0-0: Ball
1-0: Ball
2-0: Called Strike
2-1: Ground out 4-3 (Groundball, 6MS)
Batting: RHB Carlos López 0-0: Ball
1-0: Ball
2-0: Ball
3-0: Called Strike
3-1: Base on Balls
Batting: LHB Roberto Soto 0-0: Ball
1-0: Called Strike
1-1: Ball
2-1: Fly out, F2 (Popup, 23)
Batting: RHB Daryl Moran 0-0: Ball
1-0: Ball
2-0: Foul Ball, location: 2F
2-1: Called Strike
2-2: Fly out, F6 (Popup, 56D)
Bottom of the 6th over - 0 run(s), 0 hit(s), 0 error(s), 1 left on base; Sioux Falls 1 - Salt Lake City 7
TOP OF THE 7TH
Sioux Falls Red Pandas batting - Pitching for Salt Lake City Buzz : RHP Caleb Sobieski
Batting: LHB Joaquín Rangel 0-0: Ground out 4-3 (Groundball, 4)
Batting: RHB Takanibu Yokoyama 0-0: Foul Ball, location: 2F
0-1: Ball
1-1: Ball
2-1: Ball
3-1: Base on Balls
Batting: RHB Carlos Ortega 0-0: Called Strike
0-1: Ball
1-1: Fly out, F9 (Flyball, 9)
Batting: LHB Juan Rodríguez 0-0: Called Strike
0-1: Ball
1-1: Ground out 4-3 (Groundball, 34D)
Top of the 7th over - 0 run(s), 0 hit(s), 0 error(s), 1 left on base; Sioux Falls 1 - Salt Lake City 7
BOTTOM OF THE 7TH
Salt Lake City Buzz batting - Pitching for Sioux Falls Red Pandas : RHP Orlando Ángel
Pitching: LHP Hwen-thiang Qin
Batting: RHB Jung-hwan Kwon 0-0: Ball
1-0: SINGLE (Groundball, 56D)
Batting: SHB Wayne Saunders 0-0: Fly out, F9 (Flyball, 9D)
Batting: RHB Vicente Cruz 0-0: Ball
1-0: Called Strike
1-1: Ball
2-1: Ball
3-1: Foul Ball, location: 2F
3-2: Strikes out swinging
Batting: SHB Carlton Reed 0-0: Ball
Wild Pitch!
Jung-hwan Kwon to second
1-0: Ball
2-0: SINGLE (Line Drive, 8RS)
Jung-hwan Kwon to third
Batting: RHB Alan Rosales 0-0: Called Strike
0-1: Foul Ball, location: 2F
0-2: Ball
1-2: Ball
2-2: Foul Ball, location: 2F
2-2: Ball
3-2: Base on Balls
Carlton Reed to second
Batting: RHB Adrian Rodgers 0-0: Called Strike
0-1: Foul Ball, location: 2F
0-2: Fly out, F8 (Flyball, 8LM)
Bottom of the 7th over - 0 run(s), 2 hit(s), 0 error(s), 3 left on base; Sioux Falls 1 - Salt Lake City 7
TOP OF THE 8TH
Sioux Falls Red Pandas batting - Pitching for Salt Lake City Buzz : RHP Caleb Sobieski
Batting: LHB Magali Lenidas 0-0: Ball
1-0: Ground out 4-3 (Groundball, 4)
Batting: RHB Pedro Cruz 0-0: Ball
1-0: Called Strike
1-1: Foul Ball, location: 2F
1-2: Strikes out looking
Batting: LHB Rubén Ruíz 0-0: Ball
1-0: Ground out 3-1 (Groundball, 34)
Top of the 8th over - 0 run(s), 0 hit(s), 0 error(s), 0 left on base; Sioux Falls 1 - Salt Lake City 7
BOTTOM OF THE 8TH
Salt Lake City Buzz batting - Pitching for Sioux Falls Red Pandas : LHP Hwen-thiang Qin
Batting: RHB Carlos López 0-0: Called Strike
0-1: Ball
1-1: Swinging Strike
1-2: Ball
2-2: Foul Ball, location: 2F
2-2: Foul Ball, location: 2F
2-2: Ball
3-2: Foul Ball, location: 2F
3-2: Ground out 5-3 (Groundball, 56S)
Pitching: RHP Ryan Davis
Batting: LHB Roberto Soto 0-0: Ball
1-0: Ball
2-0: DOUBLE (Line Drive, 8LXD)
Batting: RHB Daryl Moran 0-0: Called Strike
0-1: Ball
1-1: Called Strike
Roberto Soto steals 3rd base
1-2: Foul Ball, location: 2F
1-2: Foul Ball, location: 2F
1-2: Ball
Wild Pitch!
Roberto Soto scores
2-2: Fly out, F8 (Flyball, 8LM)
Batting: RHB Jung-hwan Kwon 0-0: Called Strike
0-1: Ball
1-1: Ball
2-1: Ball
3-1: Base on Balls
Pinch Hitting: LHB Valentín Salas 0-0: Ball
1-0: Ball
2-0: Swinging Strike
2-1: Swinging Strike
2-2: Ball
3-2: Strikes out swinging
Bottom of the 8th over - 1 run(s), 1 hit(s), 0 error(s), 1 left on base; Sioux Falls 1 - Salt Lake City 8
TOP OF THE 9TH
Sioux Falls Red Pandas batting - Pitching for Salt Lake City Buzz : RHP Caleb Sobieski
Now at 1B: Gustavo Berrios
Now in LF: Juan Martínez
Batting: RHB Jim Allen 0-0: Called Strike
0-1: Ball
1-1: Ball
2-1: Foul Ball, location: 2F
2-2: Foul Ball, location: 2F
2-2: Foul Ball, location: 2F
2-2: Foul Ball, location: 2F
2-2: Foul Ball, location: 2F
2-2: Ground out 5-3 (Groundball, 56S)
Batting: SHB Mauro López 0-0: Ball
1-0: Foul Ball, location: 2F
1-1: Fly out, F8 (Flyball, 8RS)
Batting: LHB Joaquín Rangel 0-0: Ball
1-0: Fly out, F7 (Flyball, 7S)
Top of the 9th over - 0 run(s), 0 hit(s), 0 error(s), 0 left on base; Sioux Falls 1 - Salt Lake City 8
Monday, March 20th, 2017 - OOTP Baseball 17.12 Build 75